 Dungeon Crawl Stone Soup version 0.25-a0-713-g4845790874 (webtiles) character file.

Game seed: 921641848742903141, levelgen mode: deterministic

2844 Conn the Magician (level 9, 0/58 HPs)
             Began as an Octopode Wizard on Apr 5, 2020.
             Was a Priest of Vehumet.
             Slain by a wyvern zombie (18 damage)
             ... on level 9 of the Dungeon.
             The game lasted 00:31:02 (8832 turns).

Conn the Magician (Octopode Wizard)                 Turns: 8832, Time: 00:31:03

Health: 0/58       AC:  1    Str: 14    XL:     9   Next: 74%
Magic:  1/28       EV: 14    Int: 20    God:    Vehumet [***...]
Gold:   365        SH:  0    Dex: 11    Spells: 1/22 levels left

rFire    . . .     SeeInvis .   o - +1 spear (venom)
rCold    . . .     Gourm    .   (no shield)
rNeg     . . .     Faith    .   d - +0 hat
rPois    .         Spirit   .   G - amulet of harm
rElec    .         Reflect  .   g - +5 ring of strength
rCorr    .         Harm     +   r - ring of magical power
MR       .....                  (no ring)
Stlth    ++++......             (no ring)
HPRegen  0.19/turn              (no ring)
MPRegen  0.21/turn              (no ring)
                                (no ring)
                                (no ring)

@: no status effects
A: almost no armour, stealthy swim, amphibious, 8 rings, constrict 8, camouflage
1, gelatinous body 1
a: Renounce Religion


You were on level 9 of the Dungeon.
You worshipped Vehumet.
Vehumet was most pleased with you.
You were not hungry.

You visited 1 branch of the dungeon, and saw 9 of its levels.

You collected 401 gold pieces.
You spent 36 gold pieces at shops.

Inventory:

Hand Weapons
 a - a +0 dagger
 b - a +0 hunting sling of freezing
 o - a +1 spear of venom (weapon)
Missiles
 i - 3 atropa-tipped darts (quivered)
 n - 159 stones
 z - 51 sling bullets
Armour
 d - a +0 hat (worn)
 v - a +0 buckler
Magical Staves
 y - an uncursed staff of summoning {unknown}
Jewellery
 g - a +5 ring of strength (left tentacle)
 r - a ring of magical power (right tentacle)
 G - an amulet of harm (around mantle)
Wands
 s - a wand of disintegration (9)
 w - a wand of paralysis (7)
 H - a wand of polymorph (17)
Scrolls
 e - 5 scrolls of teleportation
 f - 7 scrolls of remove curse
 h - 7 scrolls of identify
 j - 2 scrolls of enchant weapon {unknown}
 k - 3 scrolls of fear {unknown}
 m - 4 scrolls of magic mapping {unknown}
 q - 2 scrolls of enchant armour {unknown}
 t - 5 scrolls of amnesia {unknown}
 u - 2 scrolls of noise {unknown}
 A - a scroll of fog {unknown}
Potions
 l - a potion of might {unknown}
 p - 2 potions of curing
 x - a potion of stabbing {unknown}
 B - a potion of ambrosia {unknown}
 C - 2 potions of invisibility {unknown}
 D - a potion of flight {unknown}
 E - a potion of cancellation {unknown}
 F - a potion of haste {unknown}
 I - a potion of lignification {unknown}
Comestibles
 c - 15 rations
 J - 5 chunks of flesh


   Skills:
 * Level 4.2 Fighting
 + Level 2.0 Short Blades
 + Level 3.6 Polearms
 + Level 4.0 Dodging
 - Level 5.6 Stealth
 * Level 7.2 Spellcasting
 + Level 3.8 Conjurations
 + Level 0.4 Charms
 + Level 2.3 Summonings
 * Level 3.5 Translocations
 * Level 3.0 Ice Magic
 + Level 1.8 Air Magic
 + Level 1.6 Poison Magic
 + Level 0.3 Evocations


You had one spell level left.
You knew the following spells:

 Your Spells              Type           Power        Failure   Level  Hunger
a - Magic Dart            Conj           ###.         1%          1    None
b - Blink                 Tloc           N/A          3%          2    None
c - Call Imp              Summ           ###.....     5%          2    None
d - Conjure Flame         Conj/Fire      ##......     3%          3    #......
e - Mephitic Cloud        Conj/Pois/Air  ###.....     2%          3    #......
f - Sandblast             Erth           #.....       2%          1    None
g - Ozocubu's Armour      Chrm/Ice       ##......     14%         3    #......
h - Freeze                Ice            ###.         1%          1    None
i - Searing Ray           Conj           ###...       1%          2    None
j - Stone Arrow           Conj/Erth      ##....       3%          3    #......

Your spell library contained the following spells:

 Spells                   Type           Power        Failure   Level  Hunger
 Apportation              Tloc           ###...       2%          1    None
 Summon Small Mammal      Summ           ###.         3%          1    None
 Animate Skeleton         Necr           N/A          10%         1    None
 Corona                   Hex            #......      10%         1    None
 Frozen Ramparts          Ice            ###...       2%          3    #......
 Hailstorm                Conj/Ice       ###.....     6%          4    ###....
 Slow                     Hex            #.......     14%         2    None
 Summon Ice Beast         Ice/Summ       ###.....     30%         4    ###....


Dungeon Overview and Level Annotations

Branches:
Dungeon (9/15)             Temple (0/1) D:6
   Lair: D:8-11         Orc: D:9-12

Altars:
Ashenzari
Gozag
Okawaru
Qazlal
Uskayaw
Vehumet
Zin

Shops:
D:7 ?


Innate Abilities, Weirdness & Mutations

You cannot wear most types of armour.
You are very stealthy in the water. (Stealth+)
You are amphibious.
You can wear up to eight rings at the same time.
You can use your tentacles to constrict eight enemies at once.
Your skin changes colour to match your surroundings (Stealth+).
Your rubbery body absorbs attacks. (AC +1, EV +1)


Message History

Confirm with . or Enter, or press ? or * to list all spells.
You blink.
Casting: Blink (safe; 3% risk of failure)
Confirm with . or Enter, or press ? or * to list all spells.
Okay, then.
Unknown command.
Unknown command.
Unknown command.
The eye of draining gazes at you.
You feel your power leaking away.
Casting: Blink (safe; 3% risk of failure)
Confirm with . or Enter, or press ? or * to list all spells.
You blink.
The eye of draining gazes at you.
You feel your power leaking away.
Unknown command.
Okay, then.
Okay, then.
The wyvern zombie bites you!
You die...

.....#### .....##.#
.....##.# ##
....###.### #..
..........# #..
..........# #..
.......<..# #.#
##.#..#.### #.######
##.#..#.#######.@ZZ..#
..............).G....#
......#.#######...)..##
......#.....<.........#
#####.#...###########.#
..........# #ยง#
#######...# #....#
#.........# #......
#.#####...# ........#


You could see an eye of draining, a quokka zombie and a wyvern zombie.

Vanquished Creatures
  The ghost of verendum the Cudgeler, an amateur OpAK of Lugonu (D:3)
  Prince Ribbit (D:6)
  A hippogriff (D:8)
  A spriggan (D:7)
  A hungry ghost (D:8)
  A black bear (D:9)
  2 orc warriors (D:7)
  2 sky beasts
  A phantom (D:6)
  4 ogres
  A big kobold (D:7)
  3 bullfrogs
  2 jellies
  3 scorpions
  A howler monkey (D:8)
  2 hounds
  5 orc wizards
  A bullfrog skeleton (D:4)
  2 centaur skeletons
  Natasha (twice) (D:2)
  4 worker ants
  2 killer bee zombies
  A hound skeleton (D:7)
  8 adders
  A river rat (D:3)
  A shadow imp (D:7)
  An ooze (D:1)
  2 adder zombies (D:5)
  An adder skeleton (D:4)
  2 worms
  2 dart slugs
  5 leopard geckos
  12 orcs
  3 giant cockroaches
  2 goblins
  4 hobgoblins
  3 jackals (D:8)
  10 kobolds
  4 quokkas
  A ball python zombie (D:6)
  7 bats
  6 frilled lizards
  A leopard gecko skeleton (D:5)
  2 quokka skeletons
  8 rats
130 creatures vanquished.

Vanquished Creatures (collateral kills)
  A giant cockroach (D:1)
  3 goblins (D:1)
  6 jackals (D:1)
  A bat (D:1)
  A kobold (D:1)
  A rat (D:1)
13 creatures vanquished.

Grand Total: 143 creatures vanquished

Notes
Turn   | Place    | Note
-------+----------+-------------------------------------------
     0 | D:1      | Conn the Octopode Wizard began the quest for the Orb.
     0 | D:1      | Reached XP level 1. HP: 11/11 MP: 4/4
   217 | D:1      | Reached XP level 2. HP: 16/17 MP: 0/6
   221 | D:1      | Learned a level 2 spell: Blink
   224 | D:1      | Learned a level 2 spell: Call Imp
   449 | D:1      | Reached XP level 3. HP: 12/21 MP: 0/7
  1114 | D:2      | Noticed Natasha
  1124 | D:2      | Killed Natasha
  1145 | D:2      | Found a radiant altar of Vehumet.
  1156 | D:2      | Became a worshipper of Vehumet
  1305 | D:2      | Reached XP level 4. HP: 9/27 MP: 0/9
  1569 | D:2      | Learned a level 3 spell: Conjure Flame
  1646 | D:2      | Found a shattered altar of Ashenzari.
  2150 | D:2      | Noticed Natasha
  2161 | D:2      | Killed Natasha
  2161 | D:2      | Reached skill level 4 in Spellcasting
  2284 | D:3      | Found a runed translucent door.
  2289 | D:3      | Noticed verendum's ghost (amateur OpAK)
  2309 | D:3      | Killed verendum's ghost
  2309 | D:3      | Reached skill level 1 in Fighting
  2309 | D:3      | Reached skill level 1 in Short Blades
  2309 | D:3      | Reached XP level 5. HP: 23/33 MP: 6/12
  2309 | D:3      | Reached XP level 6. HP: 26/38 MP: 6/13
  2479 | D:3      | Found a runed translucent door.
  2501 | D:3      | Learned a level 3 spell: Mephitic Cloud
  2506 | D:3      | Reached * piety under Vehumet
  2506 | D:3      | Offered knowledge of Sandblast by Vehumet.
  3191 | D:4      | Reached skill level 5 in Spellcasting
  3335 | D:4      | Learned a level 1 spell: Sandblast
  3354 | D:4      | Reached XP level 7. HP: 38/43 MP: 14/14
  3602 | D:4      | Reached skill level 5 in Stealth
  4073 | D:4      | Learned a level 3 spell: Ozocubu's Armour
  4075 | D:4      | Learned a level 1 spell: Freeze
  4092 | D:5      | Entered Level 5 of the Dungeon
  4130 | D:5      | Reached skill level 1 in Polearms
  5002 | D:5      | Reached XP level 8. HP: 42/51 MP: 16/16
  5205 | D:6      | Found a glowing silver altar of Zin.
  5243 | D:6      | Found a staircase to the Ecumenical Temple.
  5266 | D:6      | Found a hide-covered altar of Uskayaw.
  5466 | D:6      | Reached ** piety under Vehumet
  5521 | D:6      | Offered knowledge of Searing Ray by Vehumet.
  5539 | D:6      | Learned a level 2 spell: Searing Ray
  5558 | D:6      | Noticed Prince Ribbit
  5584 | D:6      | Killed Prince Ribbit
  5584 | D:6      | Reached skill level 1 in Ice Magic
  5584 | D:6      | Reached skill level 1 in Air Magic
  5584 | D:6      | Reached skill level 1 in Poison Magic
  6019 | D:7      | Reached skill level 6 in Spellcasting
  6447 | D:7      | Found an iron altar of Okawaru.
  6700 | D:7      | Found Xeuv Suesh's Magic Scroll Shoppe.
  6834 | D:7      | Offered knowledge of Stone Arrow by Vehumet.
  6834 | D:7      | Reached XP level 9. HP: 37/57 MP: 18/18
  7370 | D:7      | Found a stormy altar of Qazlal.
  7463 | D:7      | Bought a scroll of teleportation for 36 gold pieces
  8004 | D:8      | Reached *** piety under Vehumet
  8278 | D:8      | Found an opulent altar of Gozag.
  8544 | D:8      | Reached skill level 7 in Spellcasting
  8729 | D:8      | Learned a level 3 spell: Stone Arrow
  8791 | D:9      | Noticed a hornet
  8832 | D:9      | Slain by a wyvern zombie

Levels and vault maps discovered:
D:1:      dpeg_arrival_pits, layout_rooms, minmay_ruptured
D:2:      layout_basic, ashenzari_altar_1, vehumet_crystals, uniq_natasha
D:3:      layout_loops_ring, nicolae_overflow_hidden_temple,
          ebering_ghost_sewer_f, eino_tiny_chamber
D:4:      layout_loops_ring
D:5:      layout_basic, first_ration, chequers_serial_rivers_room_a,
          ebering_dispersal_statue_hall
D:6:      layout_rooms, nicolae_overflow_crystal_walls,
          eat_drink_and_be_merry_uskayaw, temple_green, uniq_prince_ribbit1
D:7:      layout_loops_corners, kennysheep_mini, okawaru_gym_becter,
          serial_shops, shop, the_bakery
D:8:      layout_basic, grunt_gozag_statues
D:9:      layout_basic, kennysheep_orc_monster_closet_entryway, serial_shops,
          shop_statue

Skill      XL: |  1  2  3  4  5  6  7  8  9 |
---------------+----------------------------+-----
Stealth        | 3 4 5 |  5.6
Spellcasting   | 4 5 6 7 |  7.2
Fighting       | 1 2 3 4 |  4.2
Short Blades   | 1 2 |  2.0
Summonings     | 2 |  2.3
Conjurations   | 2 3 |  3.8
Dodging        | 3 4 |  4.0
Polearms       | 1 2 3 |  3.6
Translocations | 2 3 |  3.5
Ice Magic      | 2 3 |  3.0
Air Magic      | 1 |  1.8
Poison Magic   | 1 |  1.6
Charms         | |  0.4
Evocations     | |  0.3

Action                   |  1- 3 |  4- 6 |  7- 9 || total
-------------------------+-------+-------+-------++-------
Melee: Dagger            |    30 |    40 |     5 ||    75
       Constrict         |     4 |    16 |    41 ||    61
       Tentacles         |     3 |    12 |    39 ||    54
       Unarmed           |     1 |       |       ||     1
       Spear             |       |    23 |   193 ||   216
 Cast: Magic Dart        |    49 |    22 |    49 ||   120
       Call Imp          |     6 |     3 |       ||     9
       Conjure Flame     |       |     1 |     1 ||     2
       Mephitic Cloud    |       |     3 |    26 ||    29
       Blink             |       |     1 |    14 ||    15
       Searing Ray       |       |       |    10 ||    10
       Ozocubu's Armour  |       |       |     3 ||     3
Evoke: Wand              |       |       |     1 ||     1
  Use: Scroll            |       |     3 |     1 ||     4
       Potion            |       |       |     1 ||     1
 Stab: Sleeping          |     1 |     5 |    15 ||    21
       Confused          |       |     1 |     5 ||     6
       Distracted        |       |       |     1 ||     1
  Eat: Chunk             |     1 |     6 |     8 ||    15
       Ration            |       |       |     4 ||     4
Armor: Skin              |     1 |     3 |    10 ||    14
Dodge: Dodged            |    37 |    21 |    95 ||   153

Table legend:
 A = Non-vault XP
 B = Vault XP
 C = Vault XP percentage of total XP
 D = Non-vault monster count
 E = Vault monster count
 F = Vault count percentage of total count
                 A         B        C        D         E       F
            +---------+---------+-------+---------+---------+-------
      Total |    3283 |     781 |  19.2 |     133 |      10 |   7.0
            +---------+---------+-------+---------+---------+-------
        D:1 |      45 |       2 |   4.3 |      28 |       2 |   6.7
        D:2 |      67 |      19 |  22.1 |      14 |       1 |   6.7
        D:3 |      84 |     286 |  77.3 |      18 |       5 |  21.7
        D:4 |     246 |       0 |   0.0 |       8 |       0 |   0.0
        D:5 |     506 |       0 |   0.0 |      13 |       0 |   0.0
        D:6 |     230 |     259 |  53.0 |       7 |       1 |  12.5
        D:7 |     849 |     215 |  20.2 |      27 |       1 |   3.6
        D:8 |    1017 |       0 |   0.0 |      14 |       0 |   0.0
        D:9 |     239 |       0 |   0.0 |       4 |       0 |   0.0
            +---------+---------+-------+---------+---------+-------
